 Dungeon Crawl Stone Soup version 0.28.0-53-g5a82cb258f (webtiles) character file.

Game seed: 7848135125940755697

190 Arcadio the Gusty (level 5, -3/28 HPs)
             Began as a Tengu Air Elementalist on Aug 21, 2022.
             Slain by Duvessa
             ... wielding a +0 short sword
              (7 damage)
             ... on level 4 of the Dungeon.
             The game lasted 00:16:07 (4987 turns).

Arcadio the Gusty (Tengu Air Elementalist)          Turns: 4987, Time: 00:16:08

Health: -3/28      AC:  2    Str:  8    XL:     5   Next: 69%
Magic:  4/10       EV: 15    Int: 18    God:
Gold:   132        SH:  0    Dex: 14    Spells: 1/10 levels left

rFire   . . .      SeeInvis .   k - +2 mace (protect)
rCold   . . .      Faith    .   (no shield)
rNeg    . . .      Spirit   .   a - +0 robe
rPois   .          Reflect  .   (helmet restricted)
rElec   .          Harm     .   (no cloak)
rCorr   .          Rampage  .   (no gloves)
Will    .....                   (boots unavailable)
Stlth   ++........              (no amulet)
HPRegen 0.09/turn               (no ring)
MPRegen 0.12/turn               (no ring)

@: flying quickly and evasively, quick
A: beak, talons 3, nimble flight
a: no special abilities


You were on level 4 of the Dungeon.
You visited 1 branch of the dungeon, and saw 4 of its levels.

You collected 132 gold pieces.

Inventory:

Hand Weapons
 c - a +0 dagger
 k - a +2 mace of protection (weapon)
 n - a +0 dagger of venom
Armour
 a - a +0 robe (worn)
 m - a +0 buckler
Jewellery
 e - a ring of wizardry
 h - an amulet of guardian spirit
Scrolls
 d - a scroll of fear {unknown}
 g - a scroll of enchant weapon {unknown}
Potions
 b - a potion of ambrosia
 f - a potion of lignification {unknown}
 i - 2 potions of mutation
 j - a potion of curing
 l - a potion of berserk rage {unknown}


   Skills:
 + Level 3.6 Dodging
 - Level 2.7 Stealth
 + Level 3.1 Spellcasting
 - Level 2.5 Conjurations
 + Level 5.3 Air Magic


You had one spell level left.
You knew the following spells:

 Your Spells              Type           Power      Damage    Failure   Level
a - Shock                 Conj/Air       68%        1d7       3%          1
b - Static Discharge      Conj/Air       17%        N/A       4%          2
c - Swiftness             Air            22%        N/A       5%          3
d - Mephitic Cloud        Conj/Pois/Air  12%        N/A       16%         3

Your spell library contained the following spells:

 Spells                   Type           Power      Damage    Failure   Level
 Magic Dart               Conj           44%        1d5       6%          1
 Airstrike                Air            11%        N/A       17%         4
 Call Imp                 Summ           2%         N/A       24%         2
 Ensorcelled Hibernation  Hex/Ice        4%         N/A       24%         2
 Passwall                 Tmut/Erth      1%         N/A       24%         2


Dungeon Overview and Level Annotations

Branches:
Dungeon (4/15)
 Temple: D:4-7

Altars:

Annotations:
D:3 exclusion: downstairs
D:4 Dowan, Duvessa


Innate Abilities, Weirdness & Mutations

You have a beak for a mouth.
You have claws for feet.
Your magical nature lets you fly swiftly and evasively.


Message History

There is a stone staircase leading up here.
Duvessa hits you with a +0 short sword.
You fly upwards.
Level annotation: exclusion: downstairs
There is a stone staircase leading down here.
This staircase is marked as excluded!
Enter next level anyway?
You fly downwards.
Level annotation: Dowan, Duvessa Duvessa barely misses you. x2
There is a stone staircase leading up here.
Casting: Shock (safe; 3% risk of failure)
Confirm with . or Enter, or press ? or * to list all spells.
Duvessa is struck by an arc of lightning.
Duvessa is moderately wounded.
Dowan is struck by an arc of lightning.
Dowan is moderately wounded.
Duvessa is struck by an arc of lightning.
Duvessa is heavily wounded.
The lightning grounds out.
Dowan casts a spell at you. The puff of frost hits you!
Casting: Static Discharge (safe; 4% risk of failure)
Confirm with . or Enter, or press ? or * to list all spells.
Duvessa is struck by an arc of lightning!
Duvessa is severely wounded.
You are struck by an arc of lightning.
Duvessa is struck by an arc of lightning.
Duvessa is severely wounded.
The lightning grounds out.
Duvessa closely misses you.
Casting: Static Discharge (safe; 4% risk of failure)
Confirm with . or Enter, or press ? or * to list all spells.
Dowan is struck by an arc of lightning.
Dowan is moderately wounded.
You are struck by an arc of lightning.
The lightning grounds out.
Dowan gestures at you while chanting. The puff of flame hits you.
* * * LOW HITPOINT WARNING * * *
Duvessa hits you with a +0 short sword!
You die...

#..........#
#..........###
#.............
#..........###
#..........##
#...........#
#...........###..
###..............
#@e.#....<.......
#e..#...e........
#................
#...##......#....
#...#......## ...
####........# #.
#..........#
#..........#
#...........


You could see Duvessa and Dowan.

Vanquished Creatures
  A hound (D:4)
  Robin (D:4)
  3 adders
  4 gnolls (D:3)
  2 worms (D:2)
  3 dart slugs
  9 ball pythons
  4 endoplasms
  A giant cockroach (D:3)
  13 goblins
  9 hobgoblins
  3 jackals
  3 quokkas
  2 bats
  2 frilled lizards
  6 kobolds
  9 rats
75 creatures vanquished.

Notes
Turn   | Place    | Note
-------+----------+-------------------------------------------
     0 | D:1      | Arcadio the Tengu Air Elementalist began the quest for the
                  | Orb.
     0 | D:1      | Reached XP level 1. HP: 10/10 MP: 4/4
   273 | D:1      | Reached XP level 2. HP: 15/15 MP: 0/6
  1179 | D:2      | Noticed a phantom
  1222 | D:2      | Reached XP level 3. HP: 7/19 MP: 0/7
  1707 | D:2      | Learned a level 2 spell: Static Discharge
  1713 | D:2      | Learned a level 3 spell: Swiftness
  2136 | D:2      | Found a faded altar of an unknown god.
  2381 | D:2      | Reached XP level 4. HP: 24/24 MP: 5/8
  2831 | D:3      | Reached skill level 5 in Air Magic
  2831 | D:3      | Gained mutation: Your magical nature lets you fly swiftly
                  | and evasively. [Tengu growth]
  2831 | D:3      | Reached XP level 5. HP: 22/28 MP: 0/10
  3581 | D:4      | Learned a level 3 spell: Mephitic Cloud
  3592 | D:4      | Noticed Dowan
  3595 | D:4      | Noticed Duvessa
  4076 | D:4      | Noticed Robin
  4082 | D:4      | Killed Robin
  4566 | D:4      | Noticed an ogre
  4987 | D:4      | Slain by Duvessa

Illustrated notes

Levels and vault maps discovered:
D:1:      dpeg_arrival_signposts, layout_loops_ring,
          chequers_serial_rivers_large_b
D:2:      layout_rooms, hellmonk_ecumenical_altar_pennies_from_heaven
D:3:      layout_basic
D:4:      layout_rooms, uniq_robin, uniq_menkaure, uniq_duvessa

Skill      XL: |  1  2  3  4  5 |
---------------+----------------+-----
Conjurations   | 2 |  2.5
Dodging        | 3 |  3.6
Air Magic      | 5 |  5.3
Spellcasting   | 3 |  3.1
Stealth        | |  2.7

Action                   |  1- 3 |  4- 6 || total
-------------------------+-------+-------++-------
Melee: Dagger            |    20 |       ||    20
       Peck              |     1 |     4 ||     5
       Kick              |     2 |     5 ||     7
       Mace              |       |    20 ||    20
 Cast: Shock             |    60 |    74 ||   134
       Static Discharge  |     4 |     5 ||     9
       Mephitic Cloud    |       |     2 ||     2
  Use: Scroll            |     1 |     2 ||     3
 Stab: Sleeping          |     2 |     1 ||     3
Armor: Robe              |     3 |     6 ||     9
Dodge: Dodged            |    21 |    38 ||    59
